 Dungeon Crawl Stone Soup version 0.31-a0-806-g0bc164a743 (webtiles) character file.

Game seed: 16028174323040661314

114 Gargoyl the Chopper (level 4, -2/43 HPs)
             Began as a Gargoyle Berserker on Sept 21, 2023.
             Was a Believer of Trog.
             Killed by divine providence
             ... invoked by an orc priest
              (14 damage)
             ... on level 3 of the Dungeon.
             The game lasted 00:02:21 (1501 turns).

Gargoyl the Chopper (Gargoyle Berserker)            Turns: 1501, Time: 00:02:22

Health: -2/43      AC: 22    Str: 20    XL:     4   Next: 98%
Magic:  4/4        EV:  2    Int:  8    God:    Trog [**....]
Gold:   107        SH:  0    Dex: 11    Spells: 3/3 levels left

rFire   . . .        a - +0 hand axe (heavy)
rCold   . . .        (no shield)
rNeg    + . .        c - melded +0 ring mail
rPois   ∞            (helmet currently unavailable)
rElec   .            i - melded +0 cloak
rCorr   .            (gloves currently unavailable)
SInv    .            (boots currently unavailable)
Will    ++...        (no amulet)
Stlth   +            (no ring)
HPRegen 1.27/turn    (no ring)
MPRegen 0.09/turn

%: no passive effects
@: tree-form, strong-willed, on berserk cooldown, regenerating, hasted and
slowed
A: stationary, stasis, torment immunity, boosted hp, sickness immunity, AC +3,
negative energy resistance 1, (electricity resistance), torment resistance 1,
petrification resistance
a: Renounce Religion, Berserk, Trog's Hand


You were on level 3 of the Dungeon.
You worshipped Trog.
Trog was pleased with you.
You were a tree.
You visited 1 branch of the dungeon, and saw 3 of its levels.

You collected 107 gold pieces.

Inventory:

Hand Weapons
 a - a +0 heavy hand axe (weapon)
Missiles
 g - 3 poisoned darts (quivered)
Armour
 c - a +0 ring mail (melded)
 i - a +0 cloak (melded)
Scrolls
 f - a scroll of revelation
 h - a scroll of identify
Potions
 b - a potion of curing
 d - a potion of haste


   Skills:
 + Level 3.8 Fighting
 + Level 4.1 Axes
 + Level 2.6 Armour
 + Level 2.3 Dodging


You had 3 spell levels left.
You didn't know any spells.
Your spell library was empty.

Dungeon Overview and Level Annotations

Branches:
Dungeon (3/15)

Altars:


Innate Abilities, Weirdness & Mutations

You are a tree.
Your roots penetrate the ground, keeping you stationary.
You cannot be teleported.
You are immune to unholy pain and torment.
Your maximum health is greatly increased.
Your equipment is partially melded.
You are immune to sickness and miasma.
((Your stone body is resilient. (AC +3)))
You are immune to poison.
You resist negative energy. (rN+)
((You are resistant to electric shocks. (rElec)))
You are resistant to unholy torment.
You are immune to petrification.


Message History

The orc is moderately wounded.
You hit the orc. You closely miss the orc. x2
You closely miss the orc priest. You hit the hobgoblin.
The orc priest barely misses you. The orc hits you but does no damage.
The hobgoblin barely misses you. The orc hits you but does no damage.
The orc barely misses you. The orc hits you with a +0 flail.
The orc misses you. The orc priest hits you with a +0 mace.
The orc closely misses you. x2; The orc misses you.
The hobgoblin hits you but does no damage.
The orc hits you but does no damage. The orc hits you with a +0 flail.
The hobgoblin completely misses you. The orc hits you with a +0 flail.
The orc closely misses you. The orc priest hits you with a +0 mace.
You're still recovering from your berserk rage.
Unknown command.
Your skin crawls.
You feel strong-willed. The orc priest closely misses you.
The orc hits you but does no damage. The hobgoblin completely misses you.
The orc completely misses you. The orc hits you with a +0 hand axe.
The orc barely misses you.
Unknown command.
It was a potion of curing.
You feel better. The orc priest closely misses you.
The orc hits you with a +0 flail. The orc hits you but does no damage.
The hobgoblin barely misses you. The orc hits you but does no damage. x2
The orc hits you with a +0 flail. The orc barely misses you.
The orc priest closely misses you. The orc hits you with a +0 hand axe.
The orc hits you but does no damage.
Unknown command.
It was a potion of haste.
You feel yourself speed up. The orc hits you with a +0 short sword.
The orc priest hits you but does no damage.
The orc closely misses you. x3
Unknown command.
It was a potion of lignification.
You turn into a tree.
Your +0 cloak melds into your body.
Your +0 ring mail melds into your body.
Your roots penetrate the ground.
The orc hits you but does no damage. The orc hits you with a +0 flail.
The orc hits you with a +0 hand axe.
* * * LOW HITPOINT WARNING * * *
The orc priest invokes the aid of Beogh against you.
Beogh smites you!
You die...

#...........#
#.........(.#
#...........#
............#
#...........#
#...........#
#.....ooo...#
.....gw♣o...#
........o...+
...###......#
. #.....<..♣
#.#.##.#......
#$#. #.#.♣.♣.♣
# #. #.# # #
#. ..# ## ###


You could see a worm, an orc priest, 4 orcs and a hobgoblin.

Vanquished Creatures
  Crazy Yiuf (D:2)
  Jessica (D:2)
  An adder (D:2)
  2 dart slugs (D:1)
  3 ball pythons
  4 bats (D:2)
  4 endoplasms
  2 giant cockroaches (D:2)
  2 goblins
  4 hobgoblins
  10 jackals
  2 quokkas
  2 frilled lizards (D:1)
  2 kobolds (D:2)
  3 rats
43 creatures vanquished.

Notes
Turn   | Place    | Note
-------+----------+-------------------------------------------
     0 | D:1      | Gargoyl the Gargoyle Berserker began the quest for the Orb.
     0 | D:1      | Reached XP level 1. HP: 14/14 MP: 1/1
    22 | D:1      | Reached XP level 2. HP: 16/19 MP: 2/2
    26 | D:1      | Reached skill level 3 in Axes
   138 | D:1      | Reached XP level 3. HP: 20/24 MP: 3/3
   713 | D:2      | Found a runed translucent door.
   714 | D:2      | Noticed Crazy Yiuf
   870 | D:2      | Noticed a golden eye
   870 | D:2      | Noticed Jessica
   875 | D:2      | Killed Jessica
   876 | D:2      | Reached XP level 4. HP: 26/29 MP: 4/4
   886 | D:2      | Found a faded altar of an unknown god.
   889 | D:2      | Noticed a shining eye
   889 | D:2      | Noticed a shining eye
   889 | D:2      | Noticed a shining eye
  1072 | D:2      | Reached ** piety under Trog
  1471 | D:2      | Killed Crazy Yiuf
  1472 | D:2      | Reached skill level 4 in Axes
  1501 | D:3      | Killed from afar by an orc priest

Illustrated notes

Levels and vault maps discovered:
D:1:      tarquinn_simple_flora_water_d, layout_rooms, minivault_25
D:2:      layout_loops_ring, hellmonk_ecumenical_altar_watching_god,
          kennysheep_generic_room_4, uniq_jessica, uniq_crazy_yiuf_cottage
D:3:      layout_basic, serial_forest, infiniplex_forest_end_3,
          infiniplex_forest_end_2, infiniplex_forest_lined_2,
          infiniplex_forest_join, infiniplex_forest_lined_ring,
          infiniplex_forest_end_1, infiniplex_forest_corner_2,
          infiniplex_forest_clump_tiny, amethyst_killhole

Skill      XL: |  1  2  3  4 |
---------------+-------------+-----
Axes           | 3 4 |  4.1
Dodging        | 2 |  2.3
Fighting       | |  3.8
Armour         | |  2.6

Action                     |  1- 3 |  4- 6 || total
---------------------------+-------+-------++-------
  Melee: Hand axe          |   101 |    35 ||   136
 Invoke: Berserk           |     1 |     1 ||     2
         Trog's Hand       |       |     2 ||     2
    Use: Scroll            |     5 |       ||     5
         Potion            |       |     3 ||     3
 Armour: Animal skin       |    63 |       ||    63
         Ring mail         |    19 |    49 ||    68
         Skin              |       |     3 ||     3
  Dodge: Dodged            |   128 |    49 ||   177

Table legend: (Time is in decaauts)
 A = Elapsed time spent in this place.
 B = Non-inter-level travel time spent in this place.
 C = Inter-level travel time spent in this place.
 D = Time resting spent in this place.
 E = Time spent auto-exploring this place.
 F = Levels seen in this place.
 G = Mean time per level.
                   A        B        C        D        E       F      G
               +--------+--------+--------+--------+--------+-----+--------+
         Total |   1558 |   1539 |     19 |      0 |   1073 |   3 |  519.3 |
       Dungeon |   1558 |   1539 |     19 |      0 |   1073 |   3 |  519.3 |
               +--------+--------+--------+--------+--------+-----+--------+

Top non-repeatable levels by time:
     D:2: 911 daAuts
     D:1: 632 daAuts
     D:3: 15 daAuts
